 Dungeon Crawl Stone Soup version 0.28-a0-384-g9e0c098162 (webtiles) character file.

Game seed: 8127681740549310793

10687 robertstho the Thaumaturge (level 11, -8/78 HPs)
             Began as a Djinni Fire Elementalist on Sept 2, 2021.
             Was an Initiate of Gozag.
             Mangled by Snorg (10 damage)
             ... on level 11 of the Dungeon.
             The game lasted 00:22:17 (16565 turns).

robertstho the Thaumaturge (DjFE)                  Turns: 16565, Time: 00:22:18

Health: -8/78      AC: 11    Str: 10    XL:     11   Next: 97%
Gold:   1073       EV: 14    Int: 19    God:    Gozag SH:  0 Dex: 10

rFire   + + .      SeeInvis .   s - +2 dagger (pain)
rCold   + . .      Faith    .   (no shield)
rNeg    . . .      Spirit   .   r - +4 ring mail
rPois   ∞          Reflect  .   u - +2 hat
rElec   .          Harm     .   (no cloak)
rCorr   .          Rampage  .   (no gloves)
Will    ++...                   (boots unavailable)
Stlth   +.........              C - amulet of the acrobat
HPRegen 0.23/turn               y - ring "Viawo" {rC++ Will+ EV+4 Str+3 Dex-5}
MPRegen 0.00/turn               (no ring)

@: flying
A: sickness immunity, fire resistance 2, cold vulnerability 1, float, innate
caster, hp casting, extra vitality 1
a: Renounce Religion, Potion Petition, Call Merchant, Bribe Branch


You were on level 11 of the Dungeon.
You worshipped Gozag.
Gozag was most pleased with you.
You visited 2 branches of the dungeon, and saw 12 of its levels.

You collected 2501 gold pieces.
You spent 540 gold pieces at shops.
You paid 888 gold pieces to Gozag.

Inventory:

Hand Weapons
 c - a +0 short sword
 s - a +2 dagger of pain (weapon)
Missiles
 t - 2 throwing nets
Armour
 r - a +4 ring mail (worn)
 u - a +2 hat (worn)
Jewellery
 b - a ring of ice
 e - a +6 ring of dexterity
 y - the ring "Viawo" (left hand) {rC++ Will+ EV+4 Str+3 Dex-5}
   (You found it on level 7 of the Dungeon)

   [ring of evasion]

   EV:        It affects your evasion (+4).
   Str:       It affects your strength (+3).
   Dex:       It affects your dexterity (-5).
   rC:        It greatly protects you from cold.
   Will:      It increases your willpower.
 C - an amulet of the acrobat (around neck)
Wands
 q - a wand of polymorph (10)
 w - a wand of iceblast (22)
Scrolls
 a - 4 scrolls of identify
 d - a scroll of magic mapping {unknown}
 f - 2 scrolls of enchant armour {unknown}
 g - 2 scrolls of amnesia {unknown}
 h - a scroll of fear {unknown}
 k - a scroll of summoning {unknown}
 l - 2 scrolls of blinking {unknown}
 m - 5 scrolls of enchant weapon {unknown}
 n - a scroll of silence {unknown}
 o - a scroll of torment {unknown}
 x - 3 scrolls of teleportation {unknown}
 D - a scroll of immolation {unknown}
 E - a scroll of fog
Potions
 j - a potion of brilliance {unknown}
 p - 4 potions of invisibility
 v - a potion of berserk rage {unknown}
 z - 5 potions of curing
 B - 3 potions of might
 F - 2 potions of lignification
 G - a potion of haste
Miscellaneous
 i - a lightning rod (4/4)


   Skills:
 * Level 6.5 Fighting
 + Level 4.2 Armour
 + Level 2.7 Dodging
 + Level 3.4 Stealth
 * Level 12.2 Spellcasting


You had 3 spell levels left.
You knew the following spells:

 Your Spells              Type           Power      Damage    Failure   Level
a - Foxfire               Conj/Fire      100%       2x1d9     1%          1
b - Scorch                Fire           100%       2d10      1%          2
c - Conjure Flame         Conj/Fire      55%        6-21      1%          3
d - Inner Flame           Hex/Fire       55%        N/A       1%          3
e - Sticky Flame          Conj/Fire      55%        2d7       1%          4
f - Fireball              Conj/Fire      27%        3d12      2%          5
g - Sting                 Tmut/Pois      100%       1d8       1%          1
h - Poisonous Vapours     Pois/Air       100%       N/A       1%          2
i - Frozen Ramparts       Ice            100%       1d12      1%          3
j - Ozocubu's Armour      Ice            55%        N/A       1%          3
k - Passage of Golubria   Tloc           N/A        N/A       1%          4
Your spell library was empty.

Dungeon Overview and Level Annotations

Branches:
Dungeon (11/15)            Temple (1/1) D:6            Lair (0/6) D:11
    Orc: D:9-12

Altars:
Ashenzari
Cheibriados
Dithmenos
Elyvilon
Fedhas
Gozag
Makhleb
Nemelex Xobeh
Okawaru
Ru
Sif Muna
Trog
Uskayaw
Wu Jian
Yredelemnul
Zin

Shops:
D:8 !

Portals:
Abyss: D:10

Annotations:
D:10 2 transporters, huihihh's ghost, novice MiFi
D:11 Snorg


Innate Abilities, Weirdness & Mutations

You are immune to sickness and miasma.
You are immune to poison.
Your flesh is very heat resistant. (rF++)
You are vulnerable to cold. (rC-)
You float through the air rather than walking.
You learn spells naturally, not from books.
Your magical power is your life essence.
You have superior vitality. (+4 HP)


Message History

The fireball explodes!
The fireball engulfs Snorg!!
Snorg is almost dead.
Snorg bites you!! Snorg claws you! Snorg closely misses you.
Unknown command.
Unknown command.
Casting: Fireball (dangerous; 2% risk of failure)
Confirm with . or Enter, or press ? or * to list all spells.
Aiming: Sticky Flame (dangerous; 1% risk of failure)
Press: ? - help, Shift-Dir - straight line, f/p - Snorg
Aim: Snorg (almost dead, berserk, 100% to hit)
The sticky flame hits Snorg.
Snorg is almost dead.
Snorg is covered in liquid flames!
Snorg burns!
Snorg completely misses you. Snorg closely misses you.
Snorg completely misses you.
Snorg burns!
Snorg closely misses you. x2; Snorg completely misses you.
Snorg burns!
Snorg burns!
Snorg bites you!
* * * LOW HITPOINT WARNING * * *
Snorg misses you. Snorg completely misses you.
You feel much better.
Snorg burns!
Snorg stops burning.
Snorg bites you! Snorg completely misses you. Snorg barely misses you.
Your magical contamination has completely faded away.
Snorg bites you. Snorg closely misses you. Snorg barely misses you.
You feel much better. Snorg misses you. Snorg claws you! Snorg claws you.
Casting: Sticky Flame (dangerous; 1% risk of failure)
Confirm with . or Enter, or press ? or * to list all spells.
Aiming: Sticky Flame (dangerous; 1% risk of failure)
Press: ? - help, Shift-Dir - straight line, f/p - Snorg
Aim: Snorg (almost dead, berserk, 100% to hit)
The sticky flame hits Snorg!
Snorg is almost dead.
Snorg is covered in liquid flames!
Snorg burns!
Snorg bites you!!
* * * LOW HITPOINT WARNING * * *
Snorg barely misses you. Snorg claws you.
* * * LOW HITPOINT WARNING * * *
Snorg bites you.
* * * LOW HITPOINT WARNING * * *
Snorg claws you!
You die...
Your body crumbles into a pile of gold.

#..... #.......#....##.#
###### #######.#.##.##..
#.#.##.##.. #. ##
#.#.##...#. #.####.
#.#.####### #......####
#(#.#### # ..........#
#.#...(# ##..... #.####
#.####.# ..(....
#.T@.#####.####.#
#.....##.##............#
#.......###############
#########


You could see Snorg (berserk, burning).

Vanquished Creatures
  Gastronok (D:9)
  A gargoyle (D:5)
  A komodo dragon (D:11)
  2 trolls
  9 yaks
  Sigmund (D:3)
  2 wraiths
  4 wyverns
  Eustachio (D:5)
  A water moccasin (D:6)
  A sky beast (D:6)
  5 orc warriors
  6 ogres
  2 black bears (D:6)
  7 centaurs
  A kobold brigand (D:8)
  Blork the orc (D:4)
  A gnoll sergeant (D:6)
  2 wyvern zombies
  A bullfrog (D:7)
  A scorpion (D:6)
  A water moccasin zombie (D:7)
  5 water moccasin skeletons
  12 killer bees
  10 wights
  6 howler monkeys
  3 centaur zombies
  A bullfrog zombie (D:5)
  A hound (D:4)
  3 gnoll shamans
  6 orc priests
  4 jellies
  A centaur skeleton (D:6)
  4 iguanas
  7 orc wizards
  A killer bee zombie (D:8)
  A hound skeleton (D:4)
  A howler monkey zombie (D:10)
  Robin (D:3)
  21 gnolls
  9 adders
  A howler monkey skeleton (D:7)
  2 ufetubi
  An adder skeleton (D:4)
  3 worms
  4 dart slugs
  29 orcs
  15 ball pythons
  5 endoplasms
  7 giant cockroaches
  14 goblins
  11 hobgoblins
  4 jackals (D:1)
  A quokka (D:3)
  5 bats
  A frilled lizard (D:3)
  18 kobolds
  6 rats
276 creatures vanquished.

Vanquished Creatures (collateral kills)
  2 foxfires (D:4)
2 creatures vanquished.

Vanquished Creatures (others)
  228 foxfires
  11 plants
239 creatures vanquished.

Grand Total: 517 creatures vanquished

Notes
Turn   | Place    | Note
-------+----------+-------------------------------------------
     0 | D:1      | robertstho the Djinni Fire Elementalist began the quest for
                  | the Orb.
     0 | D:1      | Reached XP level 1. HP: 15/15 MP: 0/0
   216 | D:1      | Reached XP level 2. HP: 12/22 MP: 0/0
   586 | D:1      | Reached XP level 3. HP: 19/26 MP: 0/0
   586 | D:1      | Learned a level 1 spell: Sting
   810 | D:1      | Reached skill level 3 in Spellcasting
   921 | D:1      | Reached skill level 1 in Fighting
  1576 | D:2      | Found a faded altar of an unknown god.
  1976 | D:2      | Noticed an ogre
  1986 | D:2      | Killed an ogre
  1987 | D:2      | Reached XP level 4. HP: 6/33 MP: 0/0
  1987 | D:2      | Reached XP level 5. HP: 7/38 MP: 0/0
  1987 | D:2      | Learned a level 2 spell: Poisonous Vapours
  2764 | D:3      | Reached skill level 4 in Spellcasting
  3043 | D:3      | Noticed Sigmund
  3043 | D:3      | Noticed Robin
  3216 | D:3      | Found an ornate altar of the Wu Jian Council.
  3371 | D:3      | Killed Sigmund
  3372 | D:3      | Reached XP level 6. HP: 28/43 MP: 0/0
  3539 | D:3      | Killed Robin
  3564 | D:3      | Identified a scroll of acquirement
  3564 | D:3      | Acquired 831 gold pieces
  3624 | D:3      | Reached skill level 5 in Spellcasting
  3737 | D:3      | Reached XP level 7. HP: 47/49 MP: 0/0
  3737 | D:3      | Learned a level 3 spell: Frozen Ramparts
  4648 | D:4      | Found a glowing silver altar of Zin.
  5293 | D:4      | Noticed Blork the orc
  5301 | D:4      | Killed Blork the orc
  5302 | D:4      | Reached skill level 6 in Spellcasting
  5449 | D:4      | Reached XP level 8. HP: 51/55 MP: 0/0
  6064 | D:5      | Entered Level 5 of the Dungeon
  6230 | D:5      | Noticed Eustachio
  6233 | D:5      | Killed Eustachio
  6234 | D:5      | Reached skill level 7 in Spellcasting
  6989 | D:5      | Found a bloodstained altar of Trog.
  6994 | D:5      | Identified the +6 dagger of Nen Ischi {flame, rF+ Dex+4}
  7043 | D:5      | Reached XP level 9. HP: 55/61 MP: 0/0
  7043 | D:5      | Learned a level 3 spell: Ozocubu's Armour
  7182 | D:5      | Found a basalt altar of Yredelemnul.
  7355 | D:5      | Reached skill level 8 in Spellcasting
  7576 | D:5      | Noticed a gargoyle
  7600 | D:5      | Killed a gargoyle
  7869 | D:5      | Found a white marble altar of Elyvilon.
  8069 | D:6      | Found a staircase to the Ecumenical Temple.
  8091 | Temple   | Entered the Ecumenical Temple
  8099 | Temple   | Became a worshipper of Gozag Ym Sagoz the Greedy
  8246 | D:6      | Reached skill level 9 in Spellcasting
  8455 | D:6      | Reached skill level 1 in Armour
  8737 | D:6      | Reached XP level 10. HP: 53/69 MP: 0/0
  9871 | D:7      | Reached skill level 5 in Fighting
  9875 | D:7      | Reached skill level 10 in Spellcasting
 10553 | D:7      | Identified the ring "Viawo" {rC++ Will+ EV+4 Str+3 Dex-5}
 11018 | D:7      | Found a hide-covered altar of Uskayaw.
 11267 | D:8      | HP: 3/70 [centaur/arrow (12)]
 11608 | D:8      | Found a snail-covered altar of Cheibriados.
 12016 | D:8      | Found a shadowy altar of Dithmenos.
 12438 | D:8      | Found a sparkling altar of Nemelex Xobeh.
 12512 | D:8      | Bought a potion of curing for 54 gold pieces
 12512 | D:8      | Bought a potion of magic for 144 gold pieces
 12512 | D:8      | Bought a potion of curing for 54 gold pieces
 12512 | D:8      | Bought a potion of curing for 54 gold pieces
 12512 | D:8      | Bought a potion of lignification for 54 gold pieces
 12512 | D:8      | Bought a potion of haste for 180 gold pieces
 12706 | D:9      | Reached XP level 11. HP: 39/76 MP: 0/0
 12706 | D:9      | Learned a level 4 spell: Passage of Golubria
 13120 | D:9      | Reached skill level 11 in Spellcasting
 13424 | D:9      | Noticed Gastronok
 13434 | D:9      | Killed Gastronok
 14090 | D:10     | Entered Level 10 of the Dungeon
 14331 | D:10     | Found a transporter.
 14336 | D:10     | Noticed a brown very ugly thing
 14636 | D:10     | Noticed huihihh's ghost (novice MiFi)
 14643 | D:10     | Found a burning altar of Makhleb.
 14651 | D:10     | Found a broken altar of Ashenzari.
 14836 | D:10     | Noticed a bunyip
 14837 | D:10     | Found a transporter.
 15017 | D:10     | Noticed a skeletal warrior
 15026 | D:10     | Found a one-way gate to the infinite horrors of the Abyss.
 15392 | D:10     | Found a sacrificial altar of Ru.
 15773 | D:11     | Reached skill level 12 in Spellcasting
 16069 | D:11     | Found a staircase to the Lair.
 16552 | D:11     | Noticed Snorg
 16565 | D:11     | HP: 2/78 [Snorg (4)]
 16565 | D:11     | Mangled by Snorg

Illustrated notes

Levels and vault maps discovered:
D:1:      amcnicky_arrival_gap_in_the_tavern_cellar, layout_rooms
D:2:      layout_basic, shapermc_ecumenical_altar_starsandcircs
D:3:      minmay_razor_zed, layout_basic, mainiacjoe_overflow_tiny_flanked,
          uniq_sigmund, uniq_robin
D:4:      layout_cave_pools, lemuel_tele_altar, serial_bayou,
          serial_bayou_pond_b, serial_bayou_lagoon_a, serial_bayou_pond_e,
          serial_bayou_pond_c, serial_bayou_shore_b, serial_bayou_shore_b,
          minmay_manual_mess, uniq_blork_the_orc
D:5:      minmay_chambers_of_fours, layout_cave_pools,
          mainiacjoe_overflow_alcove_4, bloody_trog, lemuel_doored_altar,
          minmay_hedge_maze, grunt_ministairs_13, uniq_eustachio
D:6:      layout_basic, minmay_temple_entry_slanted
D:7:      layout_gridville, mainiacjoe_overflow_alcove_2, serial_glass,
          glass_columns_b, glass_columns_c, glass_columns_c, glass_columns_b,
          glass_columns_a, glass_columns_b, feat_on_display
D:8:      layout_basic, nicolae_dithmenos_the_darkroom,
          gammafunk_temple_overflow_forgotten
D:9:      layout_irregular_city, uniq_gastronok
D:10:     layout_basic, mainiacjoe_overflow_six_doors_small,
          mainiacjoe_overflow_catwalk, ashenzari_altar_1,
          gammafunk_ghost_abyssal_escape, chequers_serial_rivers_micro_c
D:11:     layout_loops_cross, david_lair_shrubbed, gauntlet_entry_generic,
          serial_co_window_serial, co_window_paths_a, co_window_paths_b,
          co_window_corner_a, co_window_paths_b, co_window_paths_a,
          co_window_corner_b, co_window_of_opportunity_b, co_window_broadway_b,
          co_window_paths_c, co_window_corner_b, co_window_of_opportunity_b,
          co_window_4corner_b, glass_columns_a, glass_columns_c,
          nicolae_ru_awakened_eye, uniq_grum, uniq_snorg, uniq_urug
Temple:   dpeg_three_leaves_temple

Skill      XL: |  1  2  3  4  5  6  7  8  9 10 11 |
---------------+----------------------------------+-----
Spellcasting   | 3 4 5 6 7 9 10 12 | 12.2
Fighting       | 1 2 3 4 5 6 |  6.5
Stealth        | 2 3 |  3.4
Armour         | 1 2 4 |  4.2
Dodging        | |  2.7

Action                   |  1- 3 |  4- 6 |  7- 9 | 10-12 || total
-------------------------+-------+-------+-------+-------++-------
Melee: Short sword       |     1 |     1 |     1 |       ||     3
       Dagger            |       |       |     3 |     2 ||     5
 Cast: Foxfire           |   104 |       |    30 |       ||   134
       Scorch            |     2 |    49 |   177 |    27 ||   255
       Sticky Flame      |       |       |     9 |    18 ||    27
       Fireball          |       |       |     6 |   137 ||   143
       Frozen Ramparts   |       |       |     2 |       ||     2
       Poisonous Vapours |       |       |       |     1 ||     1
Invok: Call Merchant     |       |       |       |     1 ||     1
Evoke: Wand              |       |       |       |     1 ||     1
  Use: Scroll            |       |     2 |       |     4 ||     6
       Potion            |       |       |       |     4 ||     4
Armor: Robe              |     4 |       |     5 |       ||     9
       Ring mail         |       |       |    15 |    26 ||    41
Dodge: Dodged            |     4 |     3 |    39 |    47 ||    93

Table legend: (Time is in decaauts)
 A = Elapsed time spent in this place.
 B = Non-inter-level travel time spent in this place.
 C = Inter-level travel time spent in this place.
 D = Time resting spent in this place.
 E = Time spent auto-exploring this place.
 F = Levels seen in this place.
 G = Mean time per level.
                   A        B        C        D        E       F      G
               +--------+--------+--------+--------+--------+-----+--------+
         Total |  16566 |  16204 |    362 |   1359 |  13271 |  12 | 1380.5 |
       Dungeon |  16549 |  16195 |    354 |   1359 |  13271 |  11 | 1504.5 |
        Temple |     16 |      8 |      8 |      0 |      0 |   1 |   16.0 |
               +--------+--------+--------+--------+--------+-----+--------+

Top non-repeatable levels by time:
     D:4: 2184 daAuts
     D:6: 1732 daAuts
     D:3: 1698 daAuts
    D:10: 1672 daAuts
     D:9: 1560 daAuts
     D:5: 1456 daAuts
     D:1: 1438 daAuts
     D:7: 1397 daAuts
     D:8: 1362 daAuts
     D:2: 1244 daAuts
    D:11: 801 daAuts
  Temple: 16 daAuts
